 Dungeon Crawl Stone Soup version 0.27.1-1-g398f81649c (webtiles) character file.

Game seed: 16972181321441809933

1697 ABBCCCDDDD the Skirmisher (level 9, -8/63 HPs)
             Began as an Octopode Monk on Sept 17, 2021.
             Killed from afar by a steam dragon (14 damage)
             ... with a ball of steam
             ... on level 8 of the Dungeon.
             The game lasted 00:14:28 (9451 turns).

ABBCCCDDDD the Skirmisher (Octopode Monk)           Turns: 9451, Time: 00:14:28

Health: -8/63      AC:  1    Str: 11    XL:     9   Next: 3%
Magic:  4/12       EV: 14    Int: 15    God:
Gold:   275        SH:  6    Dex: 14    Spells: 7/12 levels left

rFire    . . .     SeeInvis +     - Unarmed
rCold    . . .     Faith    .   l - +1 buckler
rNeg     . . .     Spirit   .   (helmet restricted)
rPois    .         Reflect  .   (no amulet)
rElec    .         Harm     .   j - ring of see invisible
rCorr    .         Rampage  .   k - ring of wizardry
Will     .....                  f - ring of flight
Stlth    +++.......             (no ring)
HPRegen  0.20/turn              (no ring)
MPRegen  0.13/turn              (no ring)
                                (no ring)
                                (no ring)

@: freezing walls, flying
A: almost no armour, amphibious, 8 rings, camouflage 1, gelatinous body 1,
(nimble swimmer 1), tentacles
a: no special abilities


You were on level 8 of the Dungeon.
You visited 2 branches of the dungeon, and saw 9 of its levels.

You collected 275 gold pieces.

Inventory:

Hand Weapons
 t - the +9 war axe "Ynguluit" {elec, rF+}
   (You took it off an orc on level 7 of the Dungeon)

   It occasionally discharges a powerful burst of electricity upon striking a
   foe.
   rF:        It protects you from fire.
Armour
 l - a +1 buckler (worn)
Jewellery
 f - a ring of flight (on tentacle)
 j - a ring of see invisible (left tentacle)
 k - a ring of wizardry (right tentacle)
Wands
 r - a wand of polymorph (5)
Scrolls
 d - a scroll of teleportation
 m - a scroll of brand weapon
 n - a scroll of fog
 q - 3 scrolls of vulnerability
 s - 3 scrolls of blinking
 v - a scroll of amnesia
Potions
 b - 2 potions of degeneration
 c - a potion of curing
 e - a potion of mutation
 g - 2 potions of invisibility
 h - a potion of haste
 i - a potion of cancellation
 p - a potion of might {unknown}


   Skills:
 + Level 6.4 Fighting
 - Level 3.8 Dodging
 - Level 2.6 Stealth
 - Level 4.0 Shields
 + Level 6.2 Unarmed Combat
 - Level 2.0 Spellcasting
 - Level 2.0 Translocations
 - Level 5.0 Ice Magic


You had 7 spell levels left.
You knew the following spells:

 Your Spells              Type           Power      Damage    Failure   Level
a - Frozen Ramparts       Ice            32%        1d5       3%          3
b - Blink                 Tloc           N/A        N/A       6%          2

Your spell library contained the following spells:

 Spells                   Type           Power      Damage    Failure   Level
 Freeze                   Ice            64%        1d8       1%          1
 Ensorcelled Hibernation  Hex/Ice        18%        N/A       4%          2
 Corona                   Hex            1%         N/A       9%          1
 Magic Dart               Conj           4%         1d3       9%          1
 Lesser Beckoning         Tloc           3%         N/A       12%         3
 Call Imp                 Summ           1%         N/A       13%         2
 Corpse Rot               Necr/Air       N/A        N/A       13%         2
 Poisonous Vapours        Pois/Air       2%         N/A       13%         2
 Mephitic Cloud           Conj/Pois/Air  1%         N/A       26%         3
 Spider Form              Tmut/Pois      0%         N/A       26%         3
 Tukima's Dance           Hex            1%         N/A       26%         3
 Hailstorm                Conj/Ice       9%         3d4       30%         4
 Manifold Assault         Tloc           7%         N/A       69%         5
 Freezing Cloud           Conj/Ice/Air   3%         6-21      75%         5
 Shadow Creatures         Summ           N/A        N/A       100%        6


Dungeon Overview and Level Annotations

Branches:
Dungeon (8/15)             Temple (1/1) D:4
   Lair: D:8-11

Altars:
Ashenzari
Cheibriados
Dithmenos
Elyvilon
Hepliaklqana
Kikubaaqudgha
Makhleb
Nemelex Xobeh
Okawaru
Qazlal
Sif Muna
Trog
Uskayaw
Vehumet
Wu Jian
Xom
Yredelemnul
Zin
The Shining One

Annotations:
D:4 Pikel
D:5 exclusion: ogre
D:6 exclusions: howler monkey, ogre and sky beast
D:7 Menkaure


Innate Abilities, Weirdness & Mutations

You cannot wear most types of armour.
You are amphibious.
You can wear up to eight rings at the same time.
Your skin changes colour to match your surroundings (Stealth+).
Your rubbery body absorbs attacks. (AC +1, EV +1)
((You are camouflaged near water. (Stealth+)))
You have tentacles for arms and can constrict up to eight enemies at once.


Message History

The steam dragon is severely wounded.
The wall freezes the steam dragon.
The steam dragon breathes steam at you. The ball of steam misses you.
You tentacle-slap the steam dragon but do no damage.
You tentacle-slap the steam dragon, but do no damage.
The steam dragon is severely wounded.
You are engulfed in a cloud of scalding steam.
The frozen ramparts melt away.
The steam dragon bites you!
* * * LOW HITPOINT WARNING * * *
You block the steam dragon's attack.
You feel much better. The steam dragon bites you.
The steam dragon claws you but does no damage.
Casting: Frozen Ramparts (dangerous; 3% risk of failure)
Confirm with . or Enter, or press ? or * to list all spells.
Casting: Frozen Ramparts (dangerous; 3% risk of failure)
Press: ? - help, Dir - look around, f - activate The walls around you are covered in ice.
The wall freezes the steam dragon.
The steam dragon breathes steam at you. The ball of steam hits you!
You tentacle-slap the steam dragon.
The steam dragon is severely wounded.
You are engulfed in a cloud of scalding steam.
* * * LOW HITPOINT WARNING * * *
The wall freezes the steam dragon.
The steam dragon bites you!
* * * LOW HITPOINT WARNING * * *
The steam dragon barely misses you.
Your frozen ramparts will break if you move.
Continue?
Okay, then.
Okay, then.
As you read the scroll of fear, it crumbles to dust.
You assume a fearsome visage.
The steam dragon resists with some effort.
You are engulfed in a cloud of scalding steam.
* * * LOW HITPOINT WARNING * * *
The wall freezes the steam dragon.
The steam dragon breathes steam at you. The ball of steam hits you!
You die...

###....#................#
.###.##.........).......#
..##......#..............
.........##.......K##...
..................##
.#..............)##
................)###
.#..............D§.##
.##............§@§..# .
#............§.§..#
..........#....§§...#
....#.##..#.#.##§.###
....#.###..#####..##
...#####.......#<..# ...
##........### ####..##.#
#######


You could see a steam dragon (catching breath).

Levels and vault maps discovered:
D:1:      psy_arrival_dodecagon, layout_basic
D:2:      layout_basic, minmay_misc_feat_doors
D:3:      corexii_shack_village, layout_loops_corners, uniq_terence
D:4:      layout_basic, minmay_temple_entry_junction_2, uniq_pikel
D:5:      layout_loops_cross, cheibriados_altar_1
D:6:      layout_cave_pools, kennysheep_generic_room_15
D:7:      minmay_spotlight, layout_gridville, uniq_menkaure
D:8:      layout_cave_pools, lemuel_doored_altar, minmay_radiant
Temple:   dpeg_five_rooms_temple

Notes
Turn   | Place    | Note
-------+----------+-------------------------------------------
     0 | D:1      | ABBCCCDDDD the Octopode Monk began the quest for the Orb.
     0 | D:1      | Reached XP level 1. HP: 16/16 MP: 1/1
   254 | D:1      | Reached XP level 2. HP: 20/21 MP: 2/2
   506 | D:1      | Reached XP level 3. HP: 26/26 MP: 3/3
   973 | D:2      | Reached XP level 4. HP: 23/33 MP: 4/4
  1536 | D:3      | Learned a level 3 spell: Frozen Ramparts
  1754 | D:3      | Noticed Terence
  1819 | D:4      | Noticed a lemure
  1819 | D:4      | Noticed a lemure
  1819 | D:4      | Noticed a lemure
  1822 | D:4      | Noticed Pikel
  2127 | D:3      | Reached XP level 5. HP: 27/37 MP: 5/5
  2471 | D:3      | Reached skill level 1 in Ice Magic
  2556 | D:3      | Reached skill level 1 in Spellcasting
  2655 | D:3      | Killed Terence
  2656 | D:3      | Reached XP level 6. HP: 5/43 MP: 6/8
  3635 | D:4      | Noticed a sky beast
  3839 | D:4      | Found a staircase to the Ecumenical Temple.
  3850 | Temple   | Entered the Ecumenical Temple
  4353 | D:5      | Entered Level 5 of the Dungeon
  4396 | D:5      | Reached skill level 1 in Shields
  5108 | D:5      | Found a snail-covered altar of Cheibriados.
  5558 | D:5      | Learned a level 2 spell: Blink
  5971 | D:6      | Noticed a sky beast
  6086 | D:6      | Noticed an ice beast
  6086 | D:6      | Noticed a black bear
  6294 | D:3      | Reached XP level 7. HP: 42/49 MP: 10/10
  6678 | D:7      | Noticed a steam dragon
  6804 | D:7      | Reached skill level 1 in Translocations
  7471 | D:7      | Noticed Menkaure
  7912 | D:6      | Reached XP level 8. HP: 54/54 MP: 4/11
  8360 | D:7      | Identified the +9 war axe "Ynguluit" {elec, rF+}
  8483 | D:7      | Reached skill level 5 in Fighting
  8551 | D:7      | Reached skill level 5 in Unarmed Combat
  8938 | D:7      | Reached skill level 5 in Ice Magic
  9438 | D:8      | Reached XP level 9. HP: 53/63 MP: 8/12
  9451 | D:8      | Killed from afar by a steam dragon

Table legend: (Time is in decaauts)
 A = Elapsed time spent in this place.
 B = Non-inter-level travel time spent in this place.
 C = Inter-level travel time spent in this place.
 D = Time resting spent in this place.
 E = Time spent auto-exploring this place.
 F = Levels seen in this place.
 G = Mean time per level.
                   A        B        C        D        E       F      G
               +--------+--------+--------+--------+--------+-----+--------+
         Total |   9435 |   9026 |    409 |   2673 |   4350 |   9 | 1048.3 |
       Dungeon |   9174 |   8813 |    361 |   2673 |   4149 |   8 | 1146.8 |
        Temple |    260 |    212 |     48 |      0 |    201 |   1 |  260.0 |
               +--------+--------+--------+--------+--------+-----+--------+

Top non-repeatable levels by time:
     D:3: 2072 daAuts
     D:7: 2028 daAuts
     D:5: 1465 daAuts
     D:4: 1097 daAuts
     D:6: 863 daAuts
     D:1: 802 daAuts
     D:2: 706 daAuts
  Temple: 260 daAuts
     D:8: 137 daAuts

Table legend:
 A = Kills in this place as a percentage of kills in entire the game.
 B = Kills by you in this place as a percentage of kills by you in the entire game.
 C = Kills by friends in this place as a percentage of kills by friends in the entire game.
 D = Other kills in this place as a percentage of other kills in the entire game.
 E = Experience gained in this place as a percentage of experience gained in the entire game.
 F = Experience gained in this place divided by the number of levels of this place that you have seen.
                   A       B       C       D       E      F
               +-------+-------+-------+-------+-------+----------------------
         Total | 100.0 | 100.0 | 100.0 |   N/A | 100.0 | 269.4
       Dungeon | 100.0 | 100.0 | 100.0 |   N/A | 100.0 | 303.1
               +-------+-------+-------+-------+-------+----------------------

Action                   |  1- 3 |  4- 6 |  7- 9 || total
-------------------------+-------+-------+-------++-------
Melee: Unarmed           |    73 |   189 |   114 ||   376
       Constrict         |    16 |    43 |    22 ||    81
       Tentacles         |    11 |    28 |    26 ||    65
       Punch             |     1 |     5 |     7 ||    13
 Cast: Frozen Ramparts   |       |       |    16 ||    16
       Blink             |       |       |     1 ||     1
Evoke: Wand              |       |       |     6 ||     6
  Use: Scroll            |       |       |    15 ||    15
       Potion            |       |       |     4 ||     4
 Stab: Sleeping          |    11 |    18 |       ||    29
       Distracted        |       |     1 |       ||     1
Armor: Skin              |     7 |     3 |     6 ||    16
Dodge: Dodged            |    47 |   105 |    66 ||   218
Block: Buckler           |       |     5 |    24 ||    29

Vanquished Creatures
  A steam dragon (D:7)
  A water moccasin (D:7)
  2 sky beasts
  An orc warrior (D:7)
  2 ogres
  A kobold brigand (D:8)
  2 lemures
  2 bullfrogs
  A scorpion (D:7)
  A water moccasin zombie (D:5)
  4 howler monkeys (D:7)
  2 hounds
  3 orc priests
  Terence (D:3)
  2 iguanas
  4 orc wizards
  6 adders
  An ufetubus (D:5)
  2 worms (D:2)
  4 dart slugs
  13 orcs
  8 ball pythons
  7 bats
  11 endoplasms
  5 giant cockroaches
  8 goblins
  9 hobgoblins
  6 quokkas
  5 frilled lizards
  14 kobolds
  A rat (D:3)
130 creatures vanquished.

Vanquished Creatures (collateral kills)
  A howler monkey (D:7)
  An orc priest (D:7)
2 creatures vanquished.

Vanquished Creatures (others)
  6 plants (D:3)
6 creatures vanquished.

Grand Total: 138 creatures vanquished
